 Dungeon Crawl Stone Soup version 0.16-a0-3911-g06eb01e (webtiles) character file.

63 timbw the Chiller (level 4, -4/30 HPs)
             Began as a Human Ice Elementalist on Feb 4, 2015.
             Was an Initiate of Dithmenos.
             Slain by a scorpion (10 damage)
             ... on level 4 of the Dungeon.
             The game lasted 00:03:14 (739 turns).

timbw the Chiller (Human Ice Elementalist)           Turns: 739, Time: 00:03:15

Health: -4/30      AC:  2    Str:  9    XL:     4   Next: 30%
Magic:  1/7        EV: 12    Int: 15    God:    Dithmenos [......]
Gold:   45         SH:  0    Dex: 14    Spells: 1 memorised, 6 levels left

rFire  . . .     SeeInvis .     g - -2 quarterstaff (curse)
rCold  . . .     Clarity  .     a - +0 robe
rNeg   . . .     SustAb   .     (no shield)
rPois  .         Gourm    .     (no helmet)
rElec  .         Spirit   .     (no cloak)
rCorr  .         Warding  .     (no gloves)
rMut   .         Stasis   .     (no boots)
MR     .....                    (no amulet)
Stlth  +.........               (no ring)
                                d - ring of loudness (curse)

@: lethally poisoned (-4 -> -22), not resistant to hostile enchantments, very
unstealthy
A: no striking features
a: Renounce Religion


You were on level 4 of the Dungeon.
You worshipped Dithmenos.
Dithmenos was noncommittal.
You were not hungry.

You visited 2 branches of the dungeon, and saw 5 of its levels.

You collected 45 gold pieces.

Inventory:

Hand weapons
 g - a cursed -2 quarterstaff (weapon)
Armour
 a - a +0 robe (worn)
Jewellery
 d - a cursed ring of loudness (left hand)
Potions
 e - a potion of mutation {unknown}
 h - a potion of poison {unknown}
 i - a potion of heal wounds {unknown}
Books
 b - a book of Frost

   Spells                             Type                      Level
   a - Freeze                         Ice                          1
   b - Throw Frost                    Conjuration/Ice              2
   c - Ozocubu's Armour               Charms/Ice                   3
   d - Throw Icicle                   Conjuration/Ice              4
   e - Summon Ice Beast               Ice/Summoning                4
   f - Condensation Shield            Ice                          4
Comestibles
 c - a bread ration
 f - a chunk of flesh


   Skills:
 + Level 2.2 Staves
 - Level 2.0 Dodging
 - Level 2.0 Stealth
 - Level 2.0 Spellcasting
   Level 1.0 Conjurations
 - Level 4.0 Ice Magic


You had 6 spell levels left.
You knew the following spells:

 Your Spells              Type           Power        Failure   Level  Hunger
a - Freeze                Ice            ##..         4%          1    #......


Dungeon Overview and Level Annotations

Branches:
Dungeon (4/15)             Temple (1/1) D:4

Altars:
Cheibriados
Dithmenos
Elyvilon
Kikubaaqudgha
Nemelex Xobeh
Okawaru
Qazlal
Ru
Sif Muna
Trog
Vehumet
Zin

Annotations:
D:4 Eustachio


Message History

Confirm with . or Enter, or press ? or * to list all spells.
Aiming: Freeze
Press: ? - help, Shift-Dir - straight line, f/p - scorpion
Aim: a scorpion (severely wounded)
You freeze the scorpion.
The scorpion is severely wounded.
You feel sick. The scorpion stings you.
* * * LOW HITPOINT WARNING * * *
You are lethally poisoned!
The scorpion poisons you!
Casting: Freeze
Confirm with . or Enter, or press ? or * to list all spells.
Aiming: Freeze
Press: ? - help, Shift-Dir - straight line, f/p - scorpion
Aim: a scorpion (severely wounded)
You freeze the scorpion.
The scorpion is almost dead.
* * * LOW HITPOINT WARNING * * *
You feel sick. The scorpion stings you!
You die...

##############
#............####
#.#########.....# #.#
#.....####### #.#
#..#......... #.###
#.s@..######.
#.#...................
#.#.# ######..#######
#.#.# #..# #.#.# #..#
#.# #.#.########..#
####.# #..............
..##.# .
###.###########
#.##.######. #.#
#.##.##.....


You could see a scorpion.

Vanquished Creatures
  A hound (D:4)
  An adder (D:4)
  A giant mite (D:3)
  2 giant geckos (D:4)
  An orc (D:3)
  2 bats
  A bat skeleton (D:4)
  A hobgoblin (D:3)
  A jackal (D:4)
  A quokka (D:2)
  A giant newt (D:3)
  3 goblins
  2 rats
18 creatures vanquished.

Notes
Turn   | Place    | Note
--------------------------------------------------------------
     0 | D:1      | timbw, the Human Ice Elementalist, began the quest for the Orb.
     0 | D:1      | Reached XP level 1. HP: 13/13 MP: 3/3
   303 | D:3      | Reached XP level 2. HP: 10/19 MP: 0/4
   414 | D:4      | Noticed Eustachio
   492 | D:4      | Reached skill level 4 in Ice Magic
   492 | D:4      | Reached XP level 3. HP: 20/24 MP: 3/6
   528 | D:4      | Found a staircase to the Ecumenical Temple.
   550 | Temple   | Entered the Ecumenical Temple
   602 | Temple   | Became a worshipper of Dithmenos the Shadowed
   624 | D:4      | Reached XP level 4. HP: 12/30 MP: 2/7
   729 | D:4      | Noticed a scorpion
   739 | D:4      | Slain by a scorpion

Action                   |  1- 3 |  4- 6 || total
-------------------------+-------+-------++-------
Melee: Unarmed           |     7 |       ||     7
       Quarterstaff      |    11 |     1 ||    12
 Cast: Freeze            |    25 |    11 ||    36
